 Dungeon Crawl Stone Soup version 0.28.0-45-g0d030f2227 (webtiles) character file.

Game seed: 5871817034160046585

36 adizb the Skirmisher (level 3, -3/29 HPs)
             Began as a Demonspawn Monk on Mar 28, 2022.
             Killed by nerve-wracking pain
             ... invoked by an orc priest
              (6 damage)
             ... on level 3 of the Dungeon on Apr 13, 2022.
             The game lasted 00:08:40 (1188 turns).

adizb the Skirmisher (Demonspawn Monk)              Turns: 1188, Time: 00:08:45

Health: -3/29      AC:  6    Str: 13    XL:     3   Next: 19%
Magic:  3/3        EV: 11    Int: 11    God:
Gold:   93         SH:  0    Dex: 15    Spells: 2/2 levels left

rFire   . . .      SeeInvis .   c - +2 flail
rCold   . . .      Faith    .   (no shield)
rNeg    . . .      Spirit   .   k - +0 ring mail
rPois   .          Reflect  .   j - +0 helmet
rElec   .          Harm     .   (no cloak)
rCorr   .          Rampage  .   (no gloves)
Will    .....                   (no boots)
Stlth   +.........              (no amulet)
HPRegen 0.09/turn               (no ring)
MPRegen 0.08/turn               (no ring)

@: no status effects
A: hooves 2
a: no special abilities


You were on level 3 of the Dungeon.
You visited 1 branch of the dungeon, and saw 3 of its levels.

You collected 158 gold pieces.
You spent 65 gold pieces at shops.

Inventory:

Hand Weapons
 c - a +2 flail (weapon)
 i - a +0 hand crossbow
Armour
 j - a +0 helmet (worn)
 k - a +0 ring mail (worn)
Jewellery
 f - an amulet of faith
Scrolls
 d - 2 scrolls of enchant weapon
Potions
 a - a potion of curing {unknown}
 b - a potion of heal wounds
 g - 2 potions of magic
 h - a potion of haste {unknown}


   Skills:
 + Level 3.4 Fighting
 + Level 3.1 Maces & Flails
 + Level 3.1 Dodging
 - Level 2.0 Stealth


You had 2 spell levels left.
You didn't know any spells.
Your spell library was empty.

Dungeon Overview and Level Annotations

Branches:
Dungeon (3/15)

Altars:

Shops:
D:2 !


Innate Abilities, Weirdness & Mutations

You have hoof-like feet.


Message History

You kill the frilled lizard!
You now have 93 gold pieces (gained 5).
Found a glowing dagger and 17 stones.
You see here a +0 dagger of venom.
You see here 17 stones.
Found a viscous golden potion.
You drop a +0 mace.
An orc priest comes into view. It is wielding a +0 mace.
The orc priest shouts!
The orc priest moves out of view.
An orc comes into view. It is wielding a +0 dagger of freezing.
The orc shouts!
a - a viscous golden potion An orc priest comes into view.
It is wielding a +0 morningstar.
The orc priest shouts!
You hit the orc but do no damage. You kick the orc.
The orc is heavily wounded.
You hear a shout!
The orc hits you with a +0 dagger of freezing.
The orc freezes you.
The orc priest begins to cast a cantrip, but forgets the words!
You hear a shout!
You sock the orc!
You kill the orc!
The orc priest looks satisfied for a moment.
You see here a +0 dagger of freezing.
The orc priest barely misses you.
You hit the orc priest but do no damage.
The orc priest calls down the wrath of Beogh upon you.
Beogh smites you!
You closely miss the orc priest.
You kick the orc priest, but do no damage.
The orc priest hits you with a +0 morningstar.
You hit the orc priest. Your kick misses the orc priest.
The orc priest is lightly wounded.
The orc priest hits you with a +0 morningstar!
* * * LOW HITPOINT WARNING * * *
The orc priest invokes the aid of Beogh against you.
Pain shoots through your body!
You die...

#.. #.#.#....#
#.# #.#.#######.#
#...........#
###)######### #.#
#.# #.#
#.#######.######.
#..oo@.).........
#########.#######
#.....# ###.###
... ####


You could see 2 orc priests.

Vanquished Creatures
  An adder skeleton (D:2)
  An orc (D:3)
  3 endoplasms
  A giant cockroach (D:1)
  2 goblins
  5 hobgoblins
  2 jackals (D:2)
  2 quokkas
  2 ball pythons (D:1)
  A bat (D:3)
  4 frilled lizards
  2 kobolds
  3 rats
29 creatures vanquished.

Vanquished Creatures (others)
  3 fungi (D:3)
  2 toadstools (D:3)
5 creatures vanquished.

Grand Total: 34 creatures vanquished

Notes
Turn   | Place    | Note
-------+----------+-------------------------------------------
     0 | D:1      | adizb the Demonspawn Monk began the quest for the Orb.
     0 | D:1      | Reached XP level 1. HP: 18/18 MP: 1/1
   397 | D:1      | Found a faded altar of an unknown god.
   403 | D:1      | Gained mutation: You have large cloven feet. [demonic
                  | ancestry]
   403 | D:1      | Reached XP level 2. HP: 14/24 MP: 2/2
   405 | D:1      | Upgraded the game from 0.28.0-43-g3370ac3207 to
                  | 0.28.0-45-g0d030f2227
   417 | D:1      | You fall into a shaft and drop 1 floor!
   872 | D:2      | Gained mutation: You have hoof-like feet. [demonic
                  | ancestry]
   872 | D:2      | Reached XP level 3. HP: 22/29 MP: 3/3
  1032 | D:2      | Found Leehow's Distillery.
  1041 | D:2      | Bought a potion of heal wounds for 65 gold pieces
  1188 | D:3      | Killed from afar by an orc priest

Illustrated notes

Levels and vault maps discovered:
D:1:      shiori_arrival_whats_in_store_for_you, layout_basic,
          hellmonk_ecumenical_altar_slurped_away
D:2:      layout_rooms, serial_shops, nicolae_lakefront_shop
D:3:      layout_basic, hangedman_abyss_or_decor_lesser_grid,
          minmay_gold_behind_fungi

Skill      XL: |  1  2 |
---------------+-------+-----
Stealth        | 2 |  2.0
Maces & Flails | 3 |  3.1
Dodging        | 3 |  3.1
Fighting       | |  3.4

Action                   || total
-------------------------++-------
Melee: Mace              ||    43
       Punch             ||     1
       Flail             ||    50
       Kick              ||     9
  Use: Scroll            ||     4
 Stab: Sleeping          ||     2
Armor: Robe              ||    10
       Ring mail         ||     3
Dodge: Dodged            ||    60
